 Dungeon Crawl Stone Soup version 0.28.0-53-g5a82cb258f (webtiles) character file.

Game seed: 6401572170313398915

135 MiltankisOP the Sneak (level 5, 0/26 HPs)
             Began as a Vine Stalker Brigand on June 19, 2022.
             Slain by a ball python (3 damage)
             ... on level 3 of the Dungeon.
             The game lasted 00:03:09 (2426 turns).

MiltankisOP the Sneak (Vine Stalker Brigand)        Turns: 2426, Time: 00:03:10

Health: 0/26       AC:  3    Str: 14    XL:     5   Next: 18%
Magic:  0/6        EV: 12    Int: 11    God:
Gold:   28         SH:  0    Dex: 17    Spells: 4/4 levels left

rFire   . . .      SeeInvis .   i - +2 dagger (speed)
rCold   . . .      Faith    .   (no shield)
rNeg    . . .      Spirit   +   b - +0 robe
rPois   .          Reflect  .   (no helmet)
rElec   .          Harm     .   c - +0 cloak
rCorr   .          Rampage  .   (no gloves)
Will    .....                   (no boots)
Stlth   +++.......              (no amulet)
HPRegen 0.88/turn               (no ring)
MPRegen 0.10/turn               (no ring)

@: no status effects
A: fangs 2, regeneration 1, magic shield, antimagic bite, no potion heal 2
a: no special abilities


You were on level 3 of the Dungeon.
You visited 1 branch of the dungeon, and saw 3 of its levels.

You collected 28 gold pieces.

Inventory:

Hand Weapons
 a - a +2 dagger
 i - a +2 dagger of speed (weapon)
Missiles
 d - 8 poisoned darts (quivered)
 e - 2 curare-tipped darts
Armour
 b - a +0 robe (worn)
 c - a +0 cloak (worn)
Scrolls
 f - 2 scrolls of immolation {unknown}
 g - 2 scrolls of silence {unknown}
 h - a scroll of enchant armour {unknown}
 k - a scroll of fear {unknown}
 l - a scroll of magic mapping {unknown}
Potions
 j - a potion of degeneration {unknown}
 m - a potion of lignification {unknown}


   Skills:
 - Level 1.9 Fighting
 + Level 4.5 Short Blades
 - Level 1.9 Throwing
 - Level 1.0 Dodging
 - Level 4.9 Stealth


You had 4 spell levels left.
You didn't know any spells.
Your spell library contained the following spells:

 Spells                   Type           Power      Damage    Failure   Level
 Magic Dart               Conj           0%         1d3       34%         1
 Searing Ray              Conj           0%         2d4       47%         2
 Fulminant Prism          Conj/Hex       0%         3d6       98%         4


Dungeon Overview and Level Annotations

Branches:
Dungeon (3/15)

Altars:

Portals:
Sewer: D:3


Innate Abilities, Weirdness & Mutations

You have extremely sharp teeth.
Your natural rate of healing is unusually fast.
When hurt, damage is shared between your health and your magic reserves.
Your bite disrupts and absorbs the magic of your enemies.
Potions cannot restore your health.


Message History

The orc wizard is lightly wounded.
The orc closely misses you.
The orc wizard hits you with a +0 dagger.
You hit the orc wizard. You bite the orc wizard.
The orc wizard's magic leaks into the air.
You drain its magic.
The orc wizard is heavily wounded.
You hit the orc wizard but do no damage.
Your bite misses the orc wizard.
The orc wizard is heavily wounded.
You hit the orc wizard. Your bite misses the orc wizard.
The orc wizard is heavily wounded.
You barely miss the orc wizard. You bite the orc wizard.
The orc wizard's magic leaks into the air.
You drain its magic.
The orc wizard is severely wounded.
The orc wizard closely misses you. The orc barely misses you.
You hit the orc wizard but do no damage.
The orc wizard is severely wounded.
The orc completely misses you.
You hit the orc wizard. You punch the orc wizard.
The orc wizard is almost dead.
The orc wizard misses you. The orc misses you.
You hit the orc wizard but do no damage.
The orc wizard is almost dead.
The orc hits you with a +0 hand axe.
You hit the orc wizard.
You kill the orc wizard!
The ball python closely misses you. The ball python grabs you.
The ball python constricts you. The orc hits you with a +0 morningstar!
You have reached level 5!
You escape the ball python's grasp.
The orc hits you with a +0 morningstar!
* * * LOW HITPOINT WARNING * * *
The orc hits you with a +0 hand axe.
* * * LOW HITPOINT WARNING * * *
There is a stone staircase leading up here.
The ball python bites you.
* * * LOW HITPOINT WARNING * * *
The ball python barely misses you. The ball python bites you.
You die...

.......##.. .#
..........# #.#
..........###..##
...............
#..#...######
#.).g..#≈≈≈S≈
###.o).+≈≈∩≈≈
..####S#.#BB≈≈≈
........@.######
...####.#.......
###.#....# ..
..## ... ..# #...
.# .... # #####


You could see an adder (asleep), an orc, 2 giant cockroaches, a goblin and a
ball python.

Vanquished Creatures
  Terence (D:2)
  An orc wizard (D:3)
  Robin (D:2)
  2 adders (D:2)
  A worm (D:2)
  3 dart slugs
  4 bats (D:1)
  2 endoplasms (D:1)
  2 giant cockroaches (D:1)
  11 goblins
  6 hobgoblins
  2 quokkas (D:2)
  5 ball pythons
  A frilled lizard (D:1)
  2 kobolds (D:1)
  5 rats (D:1)
49 creatures vanquished.

Notes
Turn   | Place    | Note
-------+----------+-------------------------------------------
     0 | D:1      | MiltankisOP the Vine Stalker Brigand began the quest for
                  | the Orb.
     0 | D:1      | Reached XP level 1. HP: 11/11 MP: 2/2
   383 | D:1      | Reached skill level 1 in Dodging
   383 | D:1      | Reached XP level 2. HP: 15/15 MP: 3/3
   861 | D:1      | Reached XP level 3. HP: 18/18 MP: 4/4
  1007 | D:2      | Noticed Robin
  1494 | D:2      | Killed Robin
  1744 | D:2      | Gained mutation: Your natural rate of healing is unusually
                  | fast. [Vine Stalker growth]
  1744 | D:2      | Reached XP level 4. HP: 18/23 MP: 3/5
  1908 | D:2      | Noticed Terence
  1924 | D:2      | Killed Terence
  2409 | D:3      | Found a glowing drain.
  2423 | D:3      | Reached XP level 5. HP: 12/26 MP: 3/6
  2426 | D:3      | Slain by a ball python

Illustrated notes

Levels and vault maps discovered:
D:1:      dpeg_arrival_erosion, layout_basic, chequers_mini_garden
D:2:      layout_basic, uniq_robin, uniq_terence
D:3:      layout_rooms, gup_sewer_entry_glass, chequers_ecumenical_altar_island,
          uniq_natasha, uniq_sigmund

Skill      XL: |  1  2  3  4 |
---------------+-------------+-----
Dodging        | 1 |  1.0
Short Blades   | 2 3 4 |  4.5
Fighting       | |  1.9
Throwing       | |  1.9
Stealth        | |  4.9

Action                   |  1- 3 |  4- 6 || total
-------------------------+-------+-------++-------
Melee: Dagger            |    95 |    38 ||   133
       Bite              |    28 |    15 ||    43
       Punch             |     1 |     2 ||     3
 Stab: Sleeping          |     8 |     3 ||    11
Armor: Robe              |    24 |     4 ||    28
Dodge: Dodged            |    35 |    20 ||    55
